 Dungeon Crawl Stone Soup version 0.26.1-2-gb8aa6d0cf2 (webtiles) character file.

Game seed: 16606624423916708413

195 Qrupt the Sneak (level 5, -2/36 HPs)
             Began as an Octopode Brigand on Mar 6, 2021.
             Was an Initiate of Nemelex Xobeh.
             Slain by a goblin
             ... wielding a +0 short sword
              (7 damage)
             ... on level 3 of the Dungeon.
             The game lasted 00:05:55 (3176 turns).

Qrupt the Sneak (Octopode Brigand)                  Turns: 3176, Time: 00:05:55

Health: -2/36      AC:  1    Str: 11    XL:     5   Next: 74%
Magic:  6/6        EV: 13    Int: 13    God:    Nemelex Xobeh [......]
Gold:   138        SH:  0    Dex: 14    Spells: 5/6 levels left

rFire    . . .     SeeInvis .   i - +1 dagger (holy)
rCold    . . .     Faith    .   (no shield)
rNeg     . . .     Spirit   .   (helmet restricted)
rPois    .         Reflect  .   (no amulet)
rElec    .         Harm     .   (no ring)
rCorr    .         Rampage  .   (no ring)
Will     .....                  (no ring)
Stlth    ++........             (no ring)
HPRegen  0.12/turn              (no ring)
MPRegen  0.10/turn              (no ring)
                                (no ring)
                                (no ring)

@: confused, hasted, very quick
A: almost no armour, stealthy swim, amphibious, 8 rings, constrict 8, camouflage
1, gelatinous body 1
a: Renounce Religion, Draw Escape, Draw Destruction, Draw Summoning


You were on level 3 of the Dungeon.
You worshipped Nemelex Xobeh.
Nemelex Xobeh was noncommittal.
You visited 1 branch of the dungeon, and saw 3 of its levels.

You collected 138 gold pieces.

Inventory:

Hand Weapons
 a - a +2 dagger
 i - a +1 dagger of holy wrath (weapon)
Missiles
 b - 21 poisoned darts
 c - a curare-tipped dart (quivered)
Wands
 o - a wand of digging (7)
 r - a wand of enslavement (7)
Scrolls
 d - a scroll of identify {unknown}
 g - 2 scrolls of remove curse {unknown}
 h - 3 scrolls of immolation {unknown}
 j - 2 scrolls of teleportation {unknown}
 k - a scroll of amnesia {unknown}
 n - a scroll of blinking {unknown}
Potions
 e - a potion of haste
 f - 2 potions of heal wounds {unknown}
 l - a potion of lignification {unknown}
 m - a potion of magic {unknown}
 p - a potion of flight {unknown}
 q - a potion of curing {unknown}
 s - a potion of might {unknown}


   Skills:
 + Level 2.8 Fighting
 + Level 2.9 Short Blades
 - Level 2.7 Throwing
 + Level 2.2 Dodging
 + Level 6.2 Stealth
 * Level 1.3 Spellcasting
 * Level 1.5 Hexes
 + Level 0.0 Invocations


You had 5 spell levels left.
You knew the following spells:

 Your Spells              Type           Power        Failure   Level
a - Corona                Hex            4%           14%         1

Your spell library contained the following spells:

 Spells                   Type           Power        Failure   Level
 Animate Skeleton         Necr           0%           28%         1
 Apportation              Tloc           0%           28%         1
 Summon Small Mammal      Summ           0%           28%         1


Dungeon Overview and Level Annotations

Branches:
Dungeon (3/15)

Altars:
Elyvilon
Nemelex Xobeh
Okawaru
Uskayaw

Annotations:
D:3 Sigmund


Innate Abilities, Weirdness & Mutations

You cannot wear most types of armour.
You are very stealthy in the water. (Stealth+)
You are amphibious.
You can wear up to eight rings at the same time.
You can use your tentacles to constrict eight enemies at once.
Your skin changes colour to match your surroundings (Stealth+).
Your rubbery body absorbs attacks. (AC +1, EV +1)


Message History

Deactivating autopickup; reactivate with Ctrl-A.
You feel less confused.
You see here 2 stones.
You hear some strange, mumbled words.
You are confused.
A magic dart appears from out of thin air!
The magic dart hits you!
* * * LOW HITPOINT WARNING * * *
The goblin misses you.
You hear some strange, mumbled words.
Something tries to affect you, but you resist.
You hit the goblin.
The goblin is heavily wounded.
The goblin hits you with a +0 short sword.
* * * LOW HITPOINT WARNING * * *
It was a potion of haste.
You feel yourself speed up. Something barely misses you.
The goblin hits you with a +0 short sword!
You die...
Your body disappears without a glow.

###### ###....## ##..(....##
##...)...(.# # #...≈)≈....# #
#####.)≈≈)≈≈...######## #
..@...(≈≈♣≈≈...g@.....###########
.####..≈≈≈≈≈..#######............
..# ♣...≈≈≈...♣ ############# ###
♣♣.......♣♣ ###.. ♣♣.....♣♣ #...#
♣♣...♣♣ ####.### ♣♣.....♣♣
#########......# ♣♣.......♣♣
#.........#..### ♣...≈≈≈...♣
#...............


You could see a goblin.

Vanquished Creatures
  Natasha (thrice) (D:2)
  A hound zombie (D:2)
  2 adders
  An ooze (D:3)
  2 dart slugs (D:1)
  2 leopard geckos
  A ball python (D:1)
  11 bats
  2 giant cockroaches
  5 goblins
  8 hobgoblins
  14 jackals
  A quokka (D:2)
  12 kobolds
  10 rats
75 creatures vanquished.

Notes
Turn   | Place    | Note
-------+----------+-------------------------------------------
     0 | D:1      | Qrupt the Octopode Brigand began the quest for the Orb.
     0 | D:1      | Reached XP level 1. HP: 14/14 MP: 1/1
    77 | D:1      | Reached XP level 2. HP: 9/19 MP: 2/2
   534 | D:1      | Reached XP level 3. HP: 22/24 MP: 3/3
  1571 | D:2      | Reached XP level 4. HP: 29/30 MP: 4/4
  1630 | D:2      | Learned a level 1 spell: Corona
  1643 | D:2      | Noticed Natasha
  1654 | D:2      | Killed Natasha
  1998 | D:2      | Found a hide-covered altar of Uskayaw.
  2003 | D:2      | Reached skill level 6 in Stealth
  2102 | D:2      | Found a sparkling altar of Nemelex Xobeh.
  2177 | D:2      | Noticed Natasha
  2188 | D:2      | Killed Natasha
  2189 | D:2      | Reached skill level 1 in Hexes
  2189 | D:2      | Reached XP level 5. HP: 14/35 MP: 4/6
  2219 | D:2      | Noticed Natasha
  2223 | D:2      | Killed Natasha
  2224 | D:2      | Reached skill level 1 in Spellcasting
  2512 | D:2      | Became a worshipper of Nemelex Xobeh the Trickster
  2535 | D:3      | Found an iron altar of Okawaru.
  2894 | D:3      | Found a white marble altar of Elyvilon.
  3122 | D:3      | Noticed Sigmund
  3176 | D:3      | Slain by a goblin

Illustrated notes

Levels and vault maps discovered:
D:1:      dpeg_arrival_windows_large_door, layout_basic, minmay_domino_2
D:2:      layout_rooms, nemelex_altar_shiori, eat_drink_and_be_merry_uskayaw,
          minivault_24, uniq_natasha
D:3:      layout_rooms, okawaru_metal_pillars_1_2,
          nicolae_ru_sacrificial_ziggurat, grunt_ministairs_3, elyvilon_altar_3,
          uniq_sigmund

Skill      XL: |  1  2  3  4  5 |
---------------+----------------+-----
Dodging        | 2 |  2.2
Stealth        | 6 |  6.2
Hexes          | 1 |  1.5
Spellcasting   | 1 |  1.3
Fighting       | |  2.8
Short Blades   | |  2.9
Throwing       | |  2.7

Action                   |  1- 3 |  4- 6 || total
-------------------------+-------+-------++-------
Melee: Dagger            |    79 |    84 ||   163
       Constrict         |    20 |    19 ||    39
       Tentacles         |     8 |    13 ||    21
Throw: Dart              |     3 |     7 ||    10
 Cast: Corona            |       |     2 ||     2
  Use: Potion            |       |     1 ||     1
 Stab: Sleeping          |    15 |     7 ||    22
Armor: Skin              |     4 |     3 ||     7
Dodge: Dodged            |    42 |    55 ||    97
